 Dungeon Crawl Stone Soup version 0.19-a0-1568-gdd01aac (webtiles) character file.

9300 4thArraOfDagon the Covert (level 11, -10/49 HPs)
             Began as a Felid Conjurer on Sept 15, 2016.
             Was the Champion of Okawaru.
             Hit by a large rock thrown by a stone giant (44 damage)
             ... on level 2 of the Orcish Mines.
             The game lasted 00:51:24 (10727 turns).

4thArraOfDagon the Covert (Felid Conjurer)         Turns: 10727, Time: 00:51:25

Health: -10/49     AC:  6    Str:  4    XL:     11   Next: 21%
Magic:  15/17      EV: 31    Int: 19    God:    Okawaru [******]
Gold:   790        SH:  0    Dex: 16    Spells: 5 memorised, 3 levels left
                                        Lives:  0   Deaths: 3

rFire  + . .     SeeInvis +       - Unarmed
rCold  . . .     Gourm    .     (armour unavailable)
rNeg   . . .     Faith    +     (shield unavailable)
rPois  +         Spirit   .     (helmet unavailable)
rElec  .         Dismiss  .     (cloak unavailable)
rCorr  .         Reflect  .     (gloves unavailable)
MR     +++..     Harm     .     (boots unavailable)
Stlth  ++++++++..               e - amulet of faith
                                k - ring of poison resistance
                                m - ring of protection from magic

@: heroism, finesse, quick
A: no armour, no weapons or thrown items, claws 1, fangs 3, molten scales 1,
thin metallic scales 1, see invisible, carnivore 3, dopey 1, fire resistance 1,
speed 1, low mp 1, magic resistance 1, screaming 1, shaggy fur 2, slow
metabolism 1, subdued magic 1, sharp paws
a: Heroism, Finesse, Renounce Religion


You were on level 2 of the Orcish Mines.
You worshipped Okawaru.
Okawaru was exalted by your worship.
You were very full.

You visited 3 branches of the dungeon, and saw 18 of its levels.

You collected 1305 gold pieces.
You spent 515 gold pieces at shops.

Inventory:

Jewellery
 e - an amulet of faith (around neck)
 f - an uncursed ring of resist corrosion
 j - an uncursed ring of flight
 k - a ring of poison resistance (right paw)
 m - a ring of protection from magic (left paw)
 s - a +5 amulet of reflection
 u - an uncursed ring of protection from magic
 A - an uncursed ring of wizardry
Wands
 q - a wand of enslavement (7/24)
 t - a wand of confusion (9/48)
 w - a wand of flame (24/48)
 x - a wand of polymorph (6/24)
 y - a wand of confusion (22/48)
 C - a wand of acid (2/15)
Scrolls
 c - 5 scrolls of immolation
 g - 2 scrolls of amnesia
 h - 4 scrolls of teleportation
 o - 2 scrolls of remove curse
 p - 2 scrolls of magic mapping
 G - 2 scrolls of blinking
Potions
 l - a potion of brilliance
 r - a potion of berserk rage
 z - 2 potions of flight
 D - a potion of heal wounds
 E - a potion of mutation {unknown}
 H - a potion of cure mutation
Books
 a - a book of Conjurations

   Spells                             Type                      Level
   a - Magic Dart                     Conjuration                  1
   b - Searing Ray                    Conjuration                  2
   c - Dazzling Spray                 Conjuration/Hexes            3
   d - Fulminant Prism                Conjuration/Hexes            4
   e - Iskenderun's Mystic Blast      Conjuration                  4
   f - Iskenderun's Battlesphere      Conjuration/Charms           5
 n - a Necronomicon

   Spells                             Type                      Level
   a - Haunt                          Necromancy/Summoning         7
   b - Borgnjor's Revivification      Necromancy                   8
   c - Death's Door                   Charms/Necromancy            8
   d - Infestation                    Necromancy                   8
   e - Necromutation                  Transmutation/Necromancy     8
 v - a book of Burglary

   Spells                             Type                      Level
   a - Swiftness                      Charms/Air                   2
   b - Passwall                       Transmutation/Earth          2
   c - Passage of Golubria            Translocation                4
   d - Lee's Rapid Deconstruction     Earth                        5
   e - Darkness                       Hexes                        6
   f - Invisibility                   Hexes                        6
Miscellaneous
 d - a box of beasts
 B - a phantom mirror
 J - a fan of gales
Comestibles
 b - 5 meat rations
 i - 4 beef jerkies


   Skills:
 + Level 6.3(11.3) Fighting
 + Level 10.4(15.4) Dodging
 + Level 11.5(16.5) Stealth
 * Level 11.5(16.5) Unarmed Combat
 - Level 2.0 Spellcasting
 - Level 3.6 Conjurations
 * Level 9.4 Invocations


You had 3 spell levels left.
You knew the following spells:

 Your Spells              Type           Power        Failure   Level  Hunger
a - Magic Dart            Conj           ##..         3%          1    #......
b - Searing Ray           Conj           ##....       6%          2    ###....
c - Passwall              Tmut/Erth      #.........   21%         2    ###....
d - Passage of Golubria   Tloc           N/A          98%         4    #####..
e - Swiftness             Chrm/Air       #.......     21%         2    ###....


Dungeon Overview and Level Annotations

Branches:
Dungeon (15/15)            Temple (1/1) D:5             Orc (2/2) D:9
    Elf (0/3) Orc:2        Depths (0/5) D:15
   Lair: D:8-11      Vaults: D:13-14

Altars:
Ashenzari
Cheibriados
Dithmenos
Elyvilon
Fedhas
Gozag
Hepliaklqana
Kikubaaqudgha
Makhleb
Nemelex Xobeh
Okawaru
Qazlal
Ru
Sif Muna
Trog
Uskayaw
Vehumet
Xom
Yredelemnul
Zin
The Shining One
Beogh

Shops:
D:7 [(}=(   D:15 (=[   Orc:1 *   Orc:2 [

Annotations:
D:3 zkyp's ghost, amateur HuGl
D:4 Pikel; Xiguana's ghost, amateur DsCK
D:5 ILIYAK777's ghost, novice FoFi
D:9 MORIA


Innate Abilities, Weirdness & Mutations

You cannot wear armour.
You are incapable of wielding weapons or throwing items.
You have sharp claws.
You have razor-sharp teeth.
You have supernaturally acute eyesight. (SInv)
You are carnivorous and can eat meat at any time.
You cover ground quickly.
You are covered in thick fur. (AC +2)
You have a slow metabolism.
Your sharp claws are effective at attacking unaware monsters.
You are partially covered in molten scales. (AC +2)
You are partially covered in thin metallic scales. (AC +2)
You are dopey. (Int -2)
Your flesh is heat resistant. (rF+)
Your magical capacity is low. (-10% MP)
You are resistant to hostile enchantments. (MR+)
You occasionally shout uncontrollably at your foes.
Your spells are a little easier to cast, but a little less powerful.


Message History

You mangle the ogre mage!!
You kill the ogre mage!
Okawaru accepts your kill.
You mangle the ogre!!
The ogre is almost dead.
You mangle the ogre!!
You kill the ogre!
Okawaru accepts your kill.
Things that are here:
a giant club; an ogre corpse Unknown command.
Items here: ))))))))))) [ †††† Unknown command.
Things that are here:
a giant club x2
Unknown command.
A two-headed ogre comes into view. It is wielding two giant clubs.
The stone giant throws a large rock.
The large rock hits you!!!
Ouch! That really hurt!
You die...

.###......####.......#
.# #........##......##
.......#.............#
.....###.........)..##
.....# #.....####)###
.....####....)..)##
#.#.###.........####
######......##.)#).##
##.#....<.##..@...#
#.........####....# #
#..........O......#
####.#...O....C...###
..)...####......<.#
#..#.###..#....O###
......###.##....###
.....###........#.##
...............))..#


You could see a stone giant and a two-headed ogre (wandering).

Vanquished Creatures
  An ogre mage (Orc:2)
  A death knight (D:14)
  2 skeletal warriors (D:15)
  An unseen horror (D:12)
  2 hill giants
  An orc knight (Orc:1)
  4 ugly things (D:14)
  A deep elf mage (D:12)
  A gargoyle (D:12)
  A komodo dragon (D:15)
  5 trolls
  5 two-headed ogres
  A slime creature (D:14)
  7 orc warriors
  A shadow (D:15)
  A basilisk (D:15)
  A steam dragon (D:12)
  A hippogriff (D:12)
  A hornet simulacrum (D:14)
  4 wasps
  An ice beast (D:8)
  2 phantoms
  3 sky beasts
  16 ogres
  3 centaurs
  4 bullfrogs
  A wyvern zombie (D:7)
  A water moccasin zombie (D:5)
  A scorpion (D:8)
  11 wights
  A howler monkey (D:7)
  5 crimson imps
  A bullfrog zombie (D:9)
  2 jellies
  5 hounds
  5 orc priests
  2 centaur skeletons
  5 orc wizards
  4 bullfrog skeletons
  An iguana (D:11)
  6 worker ants
  A hound zombie (D:11)
  2 hound skeletons
  5 gnolls
  9 adders
  2 shadow imps (D:12)
  2 oozes
  An adder skeleton (D:9)
  2 dart slugs
  70 orcs
  2 ball pythons
  4 giant cockroaches
  8 goblins
  16 hobgoblins
  17 jackals
  4 quokkas
  10 bats
  4 frilled lizards
  15 kobolds
  4 orc zombies (D:9)
  A quokka zombie (D:8)
  4 rats
305 creatures vanquished.

Vanquished Creatures (collateral kills)
  An orc priest (D:10)
  3 ogre zombies (D:9)
  6 orcs (D:10)
  3 orc zombies (D:9)
13 creatures vanquished.

Vanquished Creatures (others)
  An orc warrior (D:10)
  3 plants (D:10)
4 creatures vanquished.

Grand Total: 322 creatures vanquished

Notes
Turn   | Place    | Note
-------+----------+-------------------------------------------
     0 | D:1      | 4thArraOfDagon the Felid Conjurer began the quest for the Orb.
     0 | D:1      | Reached XP level 1. HP: 7/7 MP: 4/4
     0 | D:1      | jacquesderrida: Summon mans
     0 | D:1      | jacquesderrida: O
     2 | D:1      | jacquesderrida: Scroll of JAQI
    13 | D:1      | jacquesderrida: M I N E
    67 | D:1      | Reached skill level 1 in Unarmed Combat
   150 | D:1      | Reached XP level 2. HP: 11/11 MP: 1/6
   846 | D:4      | Noticed an ogre
   903 | D:4      | Noticed Xiguana's ghost (amateur DsCK)
   905 | D:4      | Killed an ogre
   905 | D:4      | Reached XP level 3. HP: 12/14 MP: 0/7
   905 | D:4      | Reached XP level 4. HP: 15/18 MP: 0/8
   925 | D:5      | Entered Level 5 of the Dungeon
  1137 | D:7      | Found Hely's Gadget Shop.
  1227 | D:6      | Reached XP level 5. HP: 21/21 MP: 9/9
  1422 | D:5      | Noticed ILIYAK777's ghost (novice FoFi)
  1427 | D:4      | Noticed a slave
  1427 | D:4      | Noticed a phantom
  1500 | D:4      | Learned a level 2 spell: Searing Ray
  1535 | D:4      | Noticed Pikel
  1535 | D:4      | Noticed a slave
  1537 | D:4      | Noticed a slave
  1537 | D:4      | Noticed a slave
  1564 | D:4      | You fall through a shaft for 2 floors!
  2198 | D:8      | Noticed a sky beast
  2224 | D:6      | Reached skill level 5 in Stealth
  2767 | D:5      | Gained mutation: You are covered in thick fur. (AC +2) [Felid growth]
  2767 | D:5      | Reached XP level 6. HP: 21/24 MP: 6/10
  3156 | D:7      | Noticed an orc warrior
  3233 | D:7      | Found Runymaqo's Antique Armour Boutique.
  3235 | D:7      | arkorax: lol
  3263 | D:7      | Killed from afar by an orc wizard
  3264 | D:7      | Reached XP level 5. HP: -3/21 MP: 9/9
  3278 | D:7      | 4thArraOfDagon: no temple
  3285 | D:8      | Killed a sky beast
  3285 | D:8      | Reached XP level 6. HP: 14/24 MP: 10/10
  3310 | D:8      | Reached skill level 5 in Dodging
  3310 | D:8      | Reached skill level 5 in Unarmed Combat
  3441 | D:8      | ReniFell: lol nice fe
  3503 | D:7      | Noticed an orc warrior
  3512 | D:7      | Xiguana: thats a big felid over here
  3521 | D:7      | Noticed an orc warrior
  3523 | D:7      | Reached XP level 7. HP: 16/27 MP: 11/11
  3534 | D:7      | Mangled by an orc warrior
  3535 | D:7      | Reached XP level 6. HP: -9/24 MP: 10/10
  3964 | D:5      | Found a staircase to the Ecumenical Temple.
  3973 | Temple   | Entered the Ecumenical Temple
  4015 | Temple   | Became a worshipper of Warmaster Okawaru
  4123 | D:4      | Reached XP level 7. HP: 14/27 MP: 11/11
  4125 | D:4      | Reached skill level 1 in Invocations
  4226 | D:3      | Noticed zkyp's ghost (amateur HuGl)
  4712 | D:2      | Reached * piety under Okawaru
  4781 | D:2      | Found a faded altar of an unknown god.
  5553 | D:7      | Found Icwilaq's Antique Weapon Boutique.
  5570 | D:7      | Found Ysuegax's Weapon Shop.
  5570 | D:7      | Found Istrouqipn's Jewellery Boutique.
  5808 | D:8      | Noticed a troll
  5811 | D:8      | Killed a troll
  5811 | D:8      | Reached skill level 1 in Fighting
  5811 | D:8      | Reached XP level 8. HP: 30/32 MP: 9/12
  6163 | D:10     | Entered Level 10 of the Dungeon
  6348 | D:10     | Learned a level 2 spell: Passwall
  6353 | D:10     | Learned a level 4 spell: Passage of Golubria
  6463 | D:10     | Found a shattered altar of Ashenzari.
  6480 | D:10     | Reached ** piety under Okawaru
  6660 | D:9      | Found a staircase to the Orcish Mines.
  6907 | D:10     | Noticed a komodo dragon
  6918 | D:10     | Reached XP level 9. HP: 16/37 MP: 11/13
  7035 | D:11     | Noticed a hill giant
  7246 | D:11     | Killed a hill giant
  7246 | D:11     | Reached skill level 5 in Invocations
  7280 | D:11     | Xiguana: why okawaru felid?
  7318 | D:11     | Xiguana: isnt it like utterly useless?
  7545 | D:13     | jacquesderrida: No
  7550 | D:13     | jacquesderrida: Rude
  7600 | D:13     | Noticed a troll
  7606 | D:13     | Killed a troll
  7713 | D:13     | Reached *** piety under Okawaru
  7713 | D:13     | Reached XP level 10. HP: 41/42 MP: 15/15
  7867 | D:13     | Noticed a hill giant
  7881 | D:13     | Killed a hill giant
  7881 | D:13     | Reached **** piety under Okawaru
  8176 | D:13     | 4thArraOfDagon: :(
  8363 | D:15     | Entered Level 15 of the Dungeon
  8395 | D:15     | Found Byegg's Jewellery Boutique.
  8400 | D:15     | Bought an uncursed ring of wizardry for 450 gold pieces
  8481 | D:14     | Noticed a purple ugly thing
  8481 | D:14     | Noticed a purple ugly thing
  8481 | D:14     | Noticed a purple ugly thing
  8483 | D:14     | Reached skill level 10 in Stealth
  8511 | D:15     | Found Jynafuig's Food Shop.
  8552 | D:15     | Found Ocwatib's Antique Weapon Emporium.
  8633 | D:15     | Noticed a necromancer
  8635 | D:15     | Found Hulorchuh's Armour Emporium.
  8636 | D:15     | Found a staircase to the Depths.
  8636 | D:15     | Noticed a flayed ghost
  8636 | D:15     | Noticed a skeletal warrior
  8644 | D:15     | Noticed a skeletal warrior
  8645 | D:15     | Killed a skeletal warrior
  8646 | D:15     | Killed a skeletal warrior
  8646 | D:15     | Reached ***** piety under Okawaru
  8646 | D:15     | Reached skill level 5 in Fighting
  8646 | D:15     | Reached skill level 10 in Unarmed Combat
  8744 | D:14     | Noticed a death knight
  8752 | D:14     | Killed a death knight
  8773 | D:14     | Noticed a fire crab
  8875 | D:14     | Noticed a cyan ugly thing
  8876 | D:14     | Noticed a cyan ugly thing
  8878 | D:14     | Noticed a cyan ugly thing
  8879 | D:14     | Killed a cyan ugly thing
  8879 | D:14     | Reached XP level 11. HP: 48/48 MP: 17/17
  8880 | D:14     | Killed a cyan ugly thing
  8881 | D:14     | Noticed a cyan ugly thing
  8882 | D:14     | Killed a cyan ugly thing
  8883 | D:14     | Killed a cyan ugly thing
  8911 | D:14     | Gained mutation: You are partially covered in thin metallic scales. (AC +2) [mutagenic meat]
  8914 | D:14     | Gained mutation: Your flesh is heat resistant. (rF+) [mutagenic meat]
  8917 | D:14     | Gained mutation: You are resistant to hostile enchantments. (MR+) [mutagenic meat]
  8920 | D:14     | Gained mutation: Your spells are a little easier to cast, but a little less powerful. [mutagenic meat]
  9031 | D:12     | migoded: i hope cerebov will have a felid sprite in this case
  9041 | D:12     | Noticed a deep elf mage
  9047 | D:12     | Killed a deep elf mage
  9047 | D:12     | Reached ****** piety under Okawaru
  9154 | D:11     | Noticed a hill giant
  9297 | D:12     | Noticed an unseen horror
  9312 | D:12     | Killed an unseen horror
  9316 | D:12     | Gained mutation: You are dopey. (Int -2) [mutagenic meat]
  9322 | D:12     | Gained mutation: You are partially covered in molten scales. (AC +2) [mutagenic meat]
  9325 | D:12     | Gained mutation: You occasionally shout uncontrollably at your foes. [mutagenic meat]
  9331 | D:12     | Gained mutation: Your magical capacity is low. (-10% MP) [mutagenic meat]
  9642 | D:10     | Learned a level 2 spell: Swiftness
  9879 | Orc:1    | Entered Level 1 of the Orcish Mines
  9924 | Orc:1    | Noticed an orc knight
  9952 | Orc:1    | HP: 2/48 [orc knight/long sword of electrocution (22)]
  9958 | Orc:1    | Killed an orc knight
  9965 | Orc:1    | Slain by an orc warrior
  9966 | Orc:1    | Reached XP level 10. HP: -5/45 MP: 11/15
 10019 | Orc:1    | Found Neygofoj's General Store.
 10022 | Orc:1    | Bought a potion of heal wounds for 65 gold pieces
 10028 | Orc:1    | Found a roughly hewn altar of Beogh.
 10169 | Orc:2    | Entered Level 2 of the Orcish Mines
 10194 | Orc:2    | Reached skill level 10 in Dodging
 10432 | Orc:2    | Found a staircase to the Elven Halls.
 10446 | Orc:2    | Found Komipy's Antique Armour Emporium.
 10583 | Orc:2    | Noticed an ogre mage
 10585 | Orc:2    | Noticed an ogre mage
 10630 | Orc:2    | Reached XP level 11. HP: 48/48 MP: 15/17
 10699 | Orc:2    | Noticed a stone giant
 10719 | Orc:2    | Killed an ogre mage
 10727 | Orc:2    | Hit by a large rock thrown by a stone giant

Vault maps used:
D:1:      minmay_arrival_solitary_statue, bh_walls_and_bars
D:2:      ecumenical_altar_2, first_bread
D:3:      kb_forest_paths
D:4:      uniq_pikel
D:6:      minmay_misc_feat_four_crosses
D:7:      corexii_shantytown, serial_shops, kennysheep_mini_moat,
          nicolae_shop_crystal, shop, nicolae_shop_waterfront,
          nicolae_shop_behind_doors
D:8:      uniq_grum
D:9:      zombieorc2_lemuel, kennysheep_opposing_triangles
D:10:     david_lair_shrubbed, special_room, basic_altar, hangedman_stone_soup,
          serial_bayou_lagoon_b
D:11:     hangedman_glass_teeth, hex_large
D:12:     minmay_misc_feat_five
D:14:     hangedman_vaults_entry_quadrant_bands, david_greed
D:15:     gammafunk_depths_entry_grave, serial_shops, shop, shop, shop,
          nicolae_shop_stone, nicolae_shop_waterfront
Temple:   kilobyte_greek_temple
Orc:1:    lemuel_ogre_cave, serial_shops, nicolae_shop_window_shopping,
          basic_altar
Orc:2:    st_orc_ogre_mass, serial_shops, shop

Skill      XL: |  1  2  3  4  5  6  7  8  9 10 11 |
---------------+----------------------------------+-----
Unarmed Combat | 1 3 4 5 7 8 9 11 | 11.5
Dodging        | 3 4 6 7 8 10 | 10.4
Stealth        | 3 5 7 8 9 10 11 | 11.5
Invocations    | 2 4 6 9 8 |  9.4
Fighting       | 1 2 4 6 |  6.3
Spellcasting   | |  2.0
Conjurations   | |  3.6

Action                   |  1- 3 |  4- 6 |  7- 9 | 10-12 || total
-------------------------+-------+-------+-------+-------++-------
Melee: Unarmed           |    35 |   273 |   440 |   333 ||  1081
       Bite              |     1 |    15 |    41 |    38 ||    95
       Punch             |       |     4 |     9 |    24 ||    37
 Cast: Magic Dart        |    38 |    28 |       |       ||    66
       Searing Ray       |       |     2 |       |       ||     2
Invok: Heroism           |       |       |    22 |    26 ||    48
       Finesse           |       |       |       |     3 ||     3
Evoke: Wand              |       |       |    13 |     9 ||    22
  Use: Potion            |     2 |     9 |     8 |     1 ||    20
       Scroll            |     2 |     9 |     7 |     5 ||    23
 Stab: Sleeping          |       |    23 |    28 |    24 ||    75
       Confused          |       |       |     3 |     3 ||     6
       Distracted        |       |       |     1 |       ||     1
  Eat: Chunk             |     6 |    14 |    11 |    22 ||    53
       Beef jerky        |       |       |       |     1 ||     1
Armor: Skin              |     3 |    10 |    16 |     8 ||    37
Dodge: Dodged            |    51 |   225 |   356 |   187 ||   819
